 Dungeon Crawl Stone Soup version 0.29.1-15-g9cfb28693d (webtiles) character file.

Game seed: 9714998549338537388

58 kingofthe the Sneak (level 4, -1/28 HPs)
             Began as a Kobold Brigand on Mar 12, 2023.
             Slain by a hobgoblin
             ... wielding a +0 mace
              (4 damage)
             ... on level 2 of the Dungeon.
             The game lasted 00:04:10 (1451 turns).

kingofthe the Sneak (Kobold Brigand)                Turns: 1451, Time: 00:04:10

Health: -1/28      AC:  5    Str:  8    XL:     4   Next: 20%
Magic:  4/4        EV: 15    Int: 12    God:
Gold:   62         SH:  0    Dex: 18    Spells: 3/3 levels left

rFire   . . .      SeeInvis .   a - +2 dagger
rCold   . . .      Faith    .   (no shield)
rNeg    . . .      Spirit   .   b - +0 robe
rPois   .          Reflect  .   (no helmet)
rElec   .          Harm     .   c - +0 cloak
rCorr   .          Rampage  .   k - +1 pair of gloves
Will    .....                   (no boots)
Stlth   ++++......              (no amulet)
HPRegen 0.09/turn               Z - ring of wizardry
MPRegen 0.09/turn               (no ring)

@: no status effects
A: small, no large weapons, nightstalker 3
a: no special abilities


You were on level 2 of the Dungeon.
You visited 1 branch of the dungeon, and saw 2 of its levels.

You collected 62 gold pieces.


Innate Abilities, Weirdness & Mutations

You are small and have problems with some larger weapons.
You are completely attuned to the shadows.


   Skills:
 + Level 3.0 Fighting
 + Level 3.6 Short Blades
 - Level 2.1 Throwing
 + Level 2.4 Dodging
 + Level 5.9 Stealth


You had 3 spell levels left.
You didn't know any spells.
Your spell library was empty.

Inventory:

Hand Weapons
 a - a +2 dagger (weapon)
Missiles
 d - 11 poisoned darts (quivered)
 e - 3 curare-tipped darts {=f}
Armour
 b - a +0 robe (worn)
 c - a +0 cloak (worn)
 k - a +1 pair of gloves (worn)
Jewellery
 Z - a ring of wizardry (left hand)
Scrolls
 f - a scroll of poison {unknown}
 h - a scroll of teleportation {unknown}
 l - a scroll of identify {unknown}
 m - 3 scrolls of immolation {unknown}
 n - a scroll of amnesia {unknown}
 p - a scroll of butterflies {unknown}
 q - 2 scrolls of enchant weapon {unknown}
 r - a scroll of vulnerability {unknown}
Potions
 g - a potion of curing {unknown}
 i - a potion of haste {unknown}
 j - a potion of attraction {unknown}
 o - 3 potions of magic {unknown}

Dungeon Overview and Level Annotations

Branches:
Dungeon (2/15)

Altars:

## ...
#######.######
#.....#..g....
#.....#..@....
#.##.....#.......
#.##.....#.####'#
####.##.....#.# #
.....##.....#.###
#.........'.....
##.##.....#.####
####.##.....#.#
#..........##.#


You could see a hobgoblin.


Message History

You kill the bat!
No target in view!
A hobgoblin comes into view. It is wielding a +0 mace.
The hobgoblin moves out of view.
You closely miss the hobgoblin. The hobgoblin hits you with a +0 mace.
You closely miss the hobgoblin. The hobgoblin barely misses you.
You closely miss the hobgoblin. The hobgoblin hits you with a +0 mace.
You barely miss the hobgoblin. The hobgoblin closely misses you.
You hit the hobgoblin but do no damage. You barely miss the hobgoblin.
The hobgoblin barely misses you.
You closely miss the hobgoblin. The hobgoblin hits you with a +0 mace.
You hit the hobgoblin but do no damage. The hobgoblin hits you with a +0 mace.
* * * LOW HITPOINT WARNING * * *
You are too injured to fight recklessly!
You hit the hobgoblin.
The hobgoblin is heavily wounded.
The hobgoblin closely misses you.
You closely miss the hobgoblin.
The hobgoblin is heavily wounded.
You hit the hobgoblin but do no damage.
The hobgoblin is heavily wounded.
The hobgoblin barely misses you.
You barely miss the hobgoblin.
The hobgoblin is heavily wounded.
The hobgoblin hits you with a +0 mace!
* * * LOW HITPOINT WARNING * * *
You hit the hobgoblin but do no damage.
The hobgoblin is heavily wounded.
The hobgoblin hits you with a +0 mace.
You die...

Skill      XL: |  1  2  3  4 |
---------------+-------------+-----
Short Blades   | 3 |  3.6
Dodging        | 2 |  2.4
Fighting       | 3 |  3.0
Throwing       | |  2.1
Stealth        | |  5.9

Action                   |  1- 3 |  4- 6 || total
-------------------------+-------+-------++-------
Melee: Dagger            |    70 |    16 ||    86
 Stab: Sleeping          |    26 |     3 ||    29
Armor: Robe              |    14 |       ||    14
Dodge: Dodged            |    37 |     5 ||    42

Levels and vault maps discovered:
D:1:      sevenhm_arrival_forest_fort_large_2, layout_basic,
          nicolae_ecumenical_snake_handling, st_stairs_12,
          hangedman_decor_growths, hex_tiny
D:2:      layout_basic, dreamdust_mushroom_princess

Notes
Turn   | Place    | Note
-------+----------+-------------------------------------------
     0 | D:1      | kingofthe the Kobold Brigand began the quest for the Orb.
     0 | D:1      | Reached XP level 1. HP: 12/12 MP: 1/1
   200 | D:1      | Reached XP level 2. HP: 18/18 MP: 2/2
   203 | D:1      | Reached skill level 3 in Short Blades
   490 | D:1      | Found a faded altar of an unknown god.
   788 | D:1      | Reached XP level 3. HP: 22/22 MP: 3/3
   847 | D:1      | Reached skill level 2 in Dodging
  1358 | D:2      | Reached XP level 4. HP: 27/27 MP: 4/4
  1424 | D:2      | Reached skill level 3 in Fighting
  1451 | D:2      | Slain by a hobgoblin

Vanquished Creatures
  An adder (D:2)
  7 endoplasms
  3 goblins (D:1)
  3 hobgoblins
  3 jackals (D:1)
  7 kobolds
  3 quokkas
  4 ball pythons
  4 bats
  A frilled lizard (D:1)
  6 rats
42 creatures vanquished.

Table legend: (Time is in decaauts)
 A = Elapsed time spent in this place.
 B = Non-inter-level travel time spent in this place.
 C = Inter-level travel time spent in this place.
 D = Time resting spent in this place.
 E = Time spent auto-exploring this place.
 F = Levels seen in this place.
 G = Mean time per level.
                   A        B        C        D        E       F      G
               +--------+--------+--------+--------+--------+-----+--------+
         Total |   1437 |   1385 |     52 |      0 |   1129 |   2 |  718.5 |
       Dungeon |   1437 |   1385 |     52 |      0 |   1129 |   2 |  718.5 |
               +--------+--------+--------+--------+--------+-----+--------+

Top non-repeatable levels by time:
     D:1: 1228 daAuts
     D:2: 208 daAuts

Table legend:
 A = Non-vault XP
 B = Vault XP
 C = Vault XP percentage of total XP
 D = Non-vault monster count
 E = Vault monster count
 F = Vault count percentage of total count
                 A         B        C        D         E       F
            +---------+---------+-------+---------+---------+-------
      Total |      80 |       3 |   3.6 |      39 |       3 |   7.1
            +---------+---------+-------+---------+---------+-------
        D:1 |      45 |       3 |   6.2 |      26 |       3 |  10.3
        D:2 |      35 |       0 |   0.0 |      13 |       0 |   0.0
            +---------+---------+-------+---------+---------+-------
